 Dungeon Crawl Stone Soup version 0.19.5 (webtiles) character file.

121 grindst0ne the Skirmisher (level 4, -1/42 HPs)
             Began as a Draconian Berserker on May 2, 2017.
             Was a Believer of Trog.
             Killed by nerve-wracking pain
             ... invoked by Grinder
              (5 damage)
             ... on level 4 of the Dungeon.
             The game lasted 00:06:39 (3018 turns).

grindst0ne the Skirmisher (Draconian Berserker)     Turns: 3018, Time: 00:06:39

Health: -1/42      AC:  5    Str: 19    XL:     4   Next: 77%
Magic:  4/4        EV: 12    Int:  8    God:    Trog [**....]
Gold:   155        SH:  0    Dex: 11    Spells: 0 memorised, 3 levels left

rFire  . . .     SeeInvis .     k - +0 short sword (venom)
rCold  . . .     Gourm    .     (armour unavailable)
rNeg   . . .     Faith    .     (no shield)
rPois  .         Spirit   .     (helmet restricted)
rElec  .         Reflect  .     (no cloak)
rCorr  .         Harm     .     (no gloves)
MR     .....                    (no boots)
Stlth  +.........               (no amulet)
                                (no ring)
                                (no ring)

@: exhausted, slowed, very slow
A: unfitting armour, cold-blooded, AC +5
a: Berserk, Trog's Hand, Burn Spellbooks, Renounce Religion


You were on level 4 of the Dungeon.
You worshipped Trog.
Trog was pleased with you.
You were hungry.

You visited 1 branch of the dungeon, and saw 4 of its levels.

You collected 155 gold pieces.

Inventory:

Hand Weapons
 a - a +0 hand axe
 k - a +0 short sword of venom (weapon)
Jewellery
 e - an uncursed ring of poison resistance {unknown}
 g - a cursed ring of teleportation {unknown}
 o - a cursed ring of positive energy {unknown}
Wands
 w - a wand of acid (9/15)
Scrolls
 j - a scroll of teleportation {unknown}
 n - 4 scrolls of identify {unknown}
 q - 3 scrolls of remove curse {unknown}
 s - a scroll of recharging {unknown}
 v - a scroll of fog {unknown}
Potions
 d - 2 potions of magic
 f - 2 potions of degeneration {unknown}
 h - a potion of flight {unknown}
 i - a potion of cancellation {unknown}
 l - 3 potions of haste {unknown}
 m - 2 potions of lignification {unknown}
 p - a potion of brilliance {unknown}
 r - 2 potions of agility {unknown}
 u - 3 potions of heal wounds {unknown}
Comestibles
 b - 3 bread rations
 c - 2 beef jerkies
 t - a meat ration


   Skills:
 + Level 5.0 Fighting
 + Level 4.3 Axes
 - Level 2.6 Dodging


You had 3 spell levels left.
You didn't know any spells.

Dungeon Overview and Level Annotations

Branches:
Dungeon (4/15)
 Temple: D:4-7

Altars:
Gozag

Annotations:
D:4 Grinder


Innate Abilities, Weirdness & Mutations

Your plain brown scales are hard. (AC +5)
You cannot fit into any form of body armour.
You are cold-blooded and may be slowed by cold attacks.


Message History

Grinder barely misses you.
You're too exhausted to go berserk.
You hit Grinder.
Grinder is almost dead.
Grinder hits you.
* * * LOW HITPOINT WARNING * * *
You writhe in agony.
* * * LOW HITPOINT WARNING * * *
Grinder hits you but does no damage. Grinder gestures at you.
You resist with significant effort. Grinder gestures at you.
You resist with significant effort. Grinder gestures at you.
You suddenly lose the ability to move!
You can move again.
It was a potion of magic.
Magic courses through your body. Grinder gestures at you.
Pain shoots through your body!
You die...

... #^#
######.###
#....<...#
#.###..#.#
#..#.###
#..#.#..
...#.#.# #
###.#@#.#.# #
#.#5#.#.###.#
#.#.........#
#.#.#......
...#.......#
.....#.#.#####
###.#?#.#.#
#.#.#........
#.#.#.#.####.


You could see Grinder.

Vanquished Creatures
  Ijyb (D:3)
  A gnoll (D:1)
  5 dart slugs (D:1)
  2 leopard geckos
  6 orcs (D:3)
  4 bats
  4 giant cockroaches
  12 goblins
  5 hobgoblins
  4 jackals (D:3)
  3 quokkas
  5 frilled lizards (D:1)
  8 kobolds
  3 rats
63 creatures vanquished.

Notes
Turn   | Place    | Note
-------+----------+-------------------------------------------
     0 | D:1      | grindst0ne the Draconian Berserker began the quest for the Orb.
     0 | D:1      | Reached XP level 1. HP: 19/19 MP: 1/1
   130 | D:1      | Reached XP level 2. HP: 25/27 MP: 2/2
   207 | D:1      | Reached skill level 4 in Fighting
   637 | D:1      | Reached XP level 3. HP: 28/33 MP: 3/3
  1252 | D:2      | Reached ** piety under Trog
  1946 | D:3      | Reached XP level 4. HP: 39/41 MP: 4/4
  2098 | D:3      | Noticed Ijyb
  2108 | D:3      | Killed Ijyb
  2500 | D:3      | Found an opulent altar of Gozag.
  2606 | D:3      | Reached skill level 5 in Fighting
  2991 | D:4      | Noticed Grinder
  3016 | D:4      | Paralysed by Grinder for 2 turns
  3018 | D:4      | Killed from afar by Grinder

Skill      XL: |  1  2  3  4 |
---------------+-------------+-----
Fighting       | 4 5 |  5.0
Axes           | 4 |  4.3
Dodging        | |  2.6

Action                   |  1- 3 |  4- 6 || total
-------------------------+-------+-------++-------
Melee: Hand axe          |    85 |       ||    85
       Tailslap          |    17 |    11 ||    28
       Short sword       |    41 |    61 ||   102
Invok: Berserk           |       |     2 ||     2
  Use: Potion            |       |     1 ||     1
  Eat: Chunk             |     3 |     5 ||     8
Armor: Skin              |    53 |    21 ||    74
Dodge: Dodged            |    82 |    49 ||   131
